 Dungeon Crawl Stone Soup version 0.29-a0-810-g3812dd5c9c (webtiles) character file.

Game seed: 3430042457561986650

16 Morbidden the Vexing (level 2, -6/21 HPs)
             Began as a Demonspawn Arcane Marksman on July 4, 2022.
             Was a Priest of Jiyva.
             Mangled by Crazy Yiuf
             ... wielding a +4 quarterstaff of chaos
              (15 damage)
             ... on level 2 of the Dungeon.
             The game lasted 00:01:12 (1171 turns).

Morbidden the Vexing (Demonspawn Arcane Marksman)   Turns: 1171, Time: 00:01:13

Health: -6/21      AC:  2    Str: 10    XL:     2   Next: 41%
Magic:  3/3        EV: 12    Int: 14    God:    Jiyva [***...]
Gold:   23         SH:  0    Dex: 13    Spells: 2/3 levels left

rFire   . . .      SeeInvis .   a - +0 sling
rCold   . . .      Faith    .   (no shield)
rNeg    . . .      Spirit   .   c - +0 robe
rPois   .          Reflect  .   (no helmet)
rElec   .          Harm     .   (no cloak)
rCorr   +          Rampage  .   (no gloves)
Will    .....                   (no boots)
Stlth   +.........              (no amulet)
HPRegen 1.19/turn               (no ring)
MPRegen 0.51/turn               (no ring)

@: no status effects
A: magic regeneration
a: Renounce Religion, Oozemancy


You were on level 2 of the Dungeon.
You worshipped Jiyva.
Jiyva was most pleased with you.
You visited 1 branch of the dungeon, and saw 2 of its levels.

You collected 23 gold pieces.

Inventory:

Hand Weapons
 a - a +0 sling (weapon)
Armour
 c - a +0 robe (worn)
Jewellery
 h - a ring of wizardry
Scrolls
 b - a scroll of vulnerability
 f - a scroll of noise {unknown}
 g - a scroll of magic mapping {unknown}
Potions
 d - a potion of lignification {unknown}
 e - a potion of invisibility {unknown}


   Skills:
 * Level 1.3 Fighting
 * Level 2.2 Ranged Weapons
 + Level 1.7 Dodging
 * Level 1.2 Spellcasting
 * Level 3.1 Hexes


You had 2 spell levels left.
You knew the following spells:

 Your Spells              Type           Power      Damage    Failure   Level
a - Slow                  Hex            36%        N/A       7%          1

Your spell library contained the following spells:

 Spells                   Type           Power      Damage    Failure   Level
 Inner Flame              Hex/Fire       5%         N/A       38%         3
 Portal Projectile        Hex/Tloc       10%        N/A       38%         3
 Cause Fear               Hex            4%         N/A       56%         4


Dungeon Overview and Level Annotations

Branches:
Dungeon (2/15)

Altars:
Jiyva

Annotations:
D:2 Crazy Yiuf


Innate Abilities, Weirdness & Mutations

You regenerate magic rapidly.


Message History

Found a hammer.
Found a runed translucent door.
No target in view!
Unknown command.
You hear a distant slurping noise.
You hear a distant slurping noise.
Key pressed, stopping explore.
No target in view!
Unknown command.
Crazy Yiuf shouts!
No reachable target in view!
Unknown command.
Could not explore, unopened runed door.
No reachable target in view!
Unknown command.
No reachable target in view!
Unknown command.
Unknown command.
Press: ? - help, v - describe, . - travel
Here: Crazy Yiuf, wielding a +4 quarterstaff of chaos and wearing a +0 cloak (fire blocked by a runed translucent door)
The floor.
You open the door.
Unknown command.
Crazy Yiuf attacks as you move away!
Crazy Yiuf hits you with a +4 quarterstaff of chaos.
Crazy Yiuf burns you.
Crazy Yiuf laughs, "Tonal turtle unthinkable!"
Crazy Yiuf attacks as you move away!
Crazy Yiuf hits you with a +4 quarterstaff of chaos.
Crazy Yiuf attacks as you move away!
Crazy Yiuf hits you with a +4 quarterstaff of chaos!
Ouch! That really hurt!
* * * LOW HITPOINT WARNING * * *
Crazy Yiuf attacks as you move away! Crazy Yiuf barely misses you.
Unknown command.
Crazy Yiuf attacks as you move away! Crazy Yiuf misses you.
Crazy Yiuf twirls on the spot.
Crazy Yiuf attacks as you move away!
Crazy Yiuf hits you with a +4 quarterstaff of chaos!
Ouch! That really hurt!
You die...

##......... # #.......... #
#####.......... #
#.............. # ####
#.............. # #..#
#.............. # ###..#
#.............. #
#....####...........#.. ####
######...#.@g........#######
...###.........###....#######
##.#...##.#....# #....# #..##
.....####.#<...# #.P.P#
#...## ##.####......#.#
#...## #....#
##...........#.# ##.## #....#
.###.........#.# #.## #..(.#
.##.....#.####.# ##.# #...##
......##.......# #.## #...##


You could see Crazy Yiuf.

Vanquished Creatures
  An adder (D:2)
  A goblin (D:2)
  A hobgoblin (D:1)
  A ball python (D:2)
  3 bats
  2 rats (D:2)
9 creatures vanquished.

Vanquished Creatures (others)
  An orc wizard (D:2)
  A worm (D:2)
  2 orcs (D:2)
  An endoplasm (D:2)
  A giant cockroach (D:2)
  A goblin (D:1)
  2 hobgoblins (D:2)
  2 ball pythons
  3 bats (D:2)
  A frilled lizard (D:2)
  A rat (D:2)
  6 fungi
  7 plants (D:1)
29 creatures vanquished.

Grand Total: 38 creatures vanquished

Notes
Turn   | Place    | Note
-------+----------+-------------------------------------------
     0 | D:1      | Morbidden the Demonspawn Arcane Marksman began the quest
                  | for the Orb.
     0 | D:1      | Reached XP level 1. HP: 15/15 MP: 2/2
    33 | D:1      | Found a faded altar of an unknown god.
    84 | D:1      | Prayed at the altar of an unknown god.
    84 | D:1      | Became a worshipper of Jiyva Juoxo the Shapeless
    84 | D:1      | Reached * piety under Jiyva
   331 | D:1      | Reached ** piety under Jiyva
   788 | D:2      | Killed an orc wizard
   817 | D:2      | Found the +1 Delatra's gloves {ID++}
   924 | D:2      | Reached *** piety under Jiyva
  1022 | D:2      | Gained mutation: You regenerate magic rapidly. [demonic
                  | ancestry]
  1022 | D:2      | Reached XP level 2. HP: 20/21 MP: 3/3
  1063 | D:2      | Found a runed translucent door.
  1064 | D:2      | Noticed Crazy Yiuf
  1171 | D:2      | Mangled by Crazy Yiuf

Illustrated notes

Levels and vault maps discovered:
D:1:      dpeg_arrival_shelter, layout_basic,
          shapermc_ecumenical_altar_mp_ritualfount
D:2:      layout_rooms, minmay_statues_item, pf_guarded_unrand_delatra,
          uniq_crazy_yiuf_cottage

Skill      XL: |  1 |
---------------+----+-----
Ranged Weapons | 2 |  2.2
Fighting       | |  1.3
Dodging        | |  1.7
Spellcasting   | |  1.2
Hexes          | |  3.1

Action                   || total
-------------------------++-------
 Fire: Sling             ||    51
 Cast: Slow              ||     1
Armor: Robe              ||     3
Dodge: Dodged            ||    22

Table legend: (Time is in decaauts)
 A = Elapsed time spent in this place.
 B = Non-inter-level travel time spent in this place.
 C = Inter-level travel time spent in this place.
 D = Time resting spent in this place.
 E = Time spent auto-exploring this place.
 F = Levels seen in this place.
 G = Mean time per level.
                   A        B        C        D        E       F      G
               +--------+--------+--------+--------+--------+-----+--------+
         Total |   1187 |   1123 |     64 |      0 |   1003 |   2 |  593.5 |
       Dungeon |   1187 |   1123 |     64 |      0 |   1003 |   2 |  593.5 |
               +--------+--------+--------+--------+--------+-----+--------+

Top non-repeatable levels by time:
     D:1: 676 daAuts
     D:2: 510 daAuts
